 Dungeon Sprint DCSS version 0.23-a0-8-gb809bb70e4 (webtiles) character file.

25 GordonOverkill the Skirmisher (level 3, -10/39 HPs)
             Began as a Gargoyle Berserker on Aug 1, 2018.
             Was a Follower of Trog.
             Mangled by an ogre
             ... wielding a +0 giant spiked club
              (31 damage)
             ... in the Dungeon (Sprint I: "Red Sonja").
             The game lasted 00:00:22 (50 turns).

GordonOverkill the Skirmisher (Gargoyle Berserker)    Turns: 50, Time: 00:00:23

Health: -10/39     AC:  5    Str: 26    XL:     3   Next: 4%
Magic:  3/3        EV: 12    Int:  7    God:    Trog [*.....]
Gold:   0          SH:  0    Dex:  9    Spells: 2/2 levels left

rFire    . . .     SeeInvis .   a - +0 hand axe
rCold    . . .     Gourm    .   (no shield)
rNeg     + . .     Faith    .   b - +0 animal skin
rPois    ∞         Spirit   .   (no helmet)
rElec    +         Reflect  .   (no cloak)
rCorr    .         Harm     .   (no gloves)
MR       .....     NoTele   +   (no boots)
Stlth    ..........             (no amulet)
HPRegen  0.13/turn              (no ring)
MPRegen  0.08/turn              (no ring)

@: berserking, very quick
A: negative energy resistance 1, electricity resistance, unbreathing,
petrification resistance, rot immunity, AC +3
a: Berserk, Renounce Religion


You were in the Dungeon.
You worshipped Trog.
Trog was aware of your devotion.
You were not hungry.

You visited 1 branch

Inventory:

Hand Weapons
 a - a +0 hand axe (weapon)
Armour
 b - a +0 animal skin (worn)
Scrolls
 i - a scroll of blinking
Potions
 d - a potion of curing
 e - a potion of heal wounds
 f - a potion of haste
 g - 2 potions of magic
 h - a potion of berserk rage
Comestibles
 c - a ration
 j - 2 chunks of flesh


   Skills:
 + Level 5.5 Fighting
 + Level 4.5 Axes
 - Level 2.1 Armour
 - Level 1.5 Dodging


You had 2 spell levels left.
You didn't know any spells.
Your spell library was empty.

Dungeon Overview and Level Annotations

Branches:
Dungeon (1/1)

Altars:


Innate Abilities, Weirdness & Mutations

You are resistant to torment.
Your stone body is resilient. (AC +3)
You are immune to poison.
You resist negative energy. (rN+)
You are resistant to electric shocks. (rElec)
You can survive without breathing.
You are immune to petrification.
You are immune to rotting.


Message History

Unknown command.
Things that are here:
a club; a leather armour; the goblin corpse of Ijyb You butcher the goblin corpse of Ijyb.
j - 2 chunks of flesh
Things that are here:
a club; a leather armour; the goblin skeleton of Ijyb You start waiting.
You feel yourself speed up.
You start waiting.
You recover from your berserk rage.
As you open the door, it creaks loudly!
You hear a shout!
An ogre comes into view. It is wielding a giant spiked club.
The ogre hits you with a giant spiked club!
There is an open door here.
A red film seems to cover your vision as you go berserk!
You feel yourself moving faster!
You feel mighty!
You feel a lot more hungry.
The ogre hits you with a giant spiked club!!
Ouch! That really hurt!
You die...

##########
#<.#..@O.#
#..').#..+
#..#####+#
#..# #..#
#..# #⌠⌠#
####


You could see an ogre.

Vanquished Creatures
  Ijyb (D)
1 creature vanquished.

Notes
Turn   | Place    | Note
-------+----------+-------------------------------------------
     0 | D        | GordonOverkill the Gargoyle Berserker began the quest for the Orb.
     0 | D        | Reached XP level 1. HP: 14/14 MP: 1/1
     1 | D        | Noticed Ijyb
    16 | D        | Killed Ijyb
    16 | D        | Reached skill level 5 in Fighting
    16 | D        | Reached XP level 2. HP: 21/21 MP: 2/2
    16 | D        | Reached XP level 3. HP: 26/26 MP: 3/3
    48 | D        | Noticed an ogre
    50 | D        | Mangled by an ogre

Vault maps used:
D:        dungeon_sprint_1

Skill      XL: |  1 |
---------------+----+-----
Fighting       | 5 |  5.5
Axes           | 4 |  4.5
Armour         | |  2.1
Dodging        | |  1.5

Action                   || total
-------------------------++-------
Melee: Hand axe          ||    13
Invok: Berserk           ||     2
Armor: Animal skin       ||     3
Dodge: Dodged            ||     5

Table legend:
 A = Spawn XP
 B = Non-spawn XP
 C = Spawn XP percentage of total XP
 D = Spawn monster count
 E = Non-spawn monster count
 F = Spawn count percentage of total count
 G = Total turns spent on level
                    A         B        C        D         E        F      G
               +---------+---------+-------+---------+---------+-------+---------
         Total |       0 |      36 |   0.0 |       0 |       1 |   0.0 |    50
               +---------+---------+-------+---------+---------+-------+---------
             D |       0 |      36 |   0.0 |       0 |       1 |   0.0 |    50
               +---------+---------+-------+---------+---------+-------+---------
